 Dungeon Crawl Stone Soup version 0.24-a0-139-geb6712d (webtiles) character file.

Game seed: 0

3368 Lanoc the Shooter (level 10, 0/79 HPs)
             Began as a Vine Stalker Wanderer on Mar 3, 2019.
             Was a Believer of Wu Jian.
             Succumbed to a killer bee's poison
             ... on level 8 of the Dungeon.
             The game lasted 00:34:23 (8458 turns).

Lanoc the Shooter (Vine Stalker Wanderer)           Turns: 8458, Time: 00:34:24

Health: 0/79       AC: 25    Str: 13 (16) XL:     10   Next: 3%
Magic:  2/20       EV:  2    Int:  9 (10) God:    Wu Jian [**....]
Gold:   375        SH:  0    Dex: 16 (18) Spells: 9/9 levels left

rFire    . . .     SeeInvis .   I - +3 shortbow
rCold    . . .     Gourm    .   (shield currently unavailable)
rNeg     + + +     Faith    .   (armour currently unavailable)
rPois    +         Spirit   +   (helmet currently unavailable)
rElec    .         Reflect  .   (cloak currently unavailable)
rCorr    +         Harm     .   (gloves currently unavailable)
MR       +....     NoTele   +   (boots currently unavailable)
Stlth    ++........             (no amulet)
HPRegen  0.63/turn              w - ring of magical power
MPRegen  0.17/turn              K - ring of resist corrosion

@: lethally poisoned (0 -> 0), tree-form
A: regeneration 1, magic shield, no potion heal 3, rot immunity
a: Wall Jump, Renounce Religion


You were on level 8 of the Dungeon.
You worshipped Wu Jian.
Wu Jian was pleased with you.
You were not hungry.
You were a tree.
You visited 2 branches of the dungeon, and saw 10 of its levels.

You collected 375 gold pieces.

Inventory:

Hand Weapons
 a - a cursed +3 dagger of freezing
 c - a +0 hand crossbow
 y - a +4 scimitar of freezing
 I - a +3 shortbow (weapon)
Missiles
 o - 26 bolts
 p - 45 arrows (quivered)
 r - 7 curare-tipped needles
 t - 3 tomahawks
Armour
 f - a +0 robe (melded)
 l - a +0 cloak (melded)
 q - a +2 hat (melded)
Jewellery
 w - a ring of magical power (left branch)
 K - a ring of resist corrosion (right branch)
Wands
 b - a wand of polymorph (3)
 h - a wand of clouds (6)
 n - a wand of digging (7)
 s - a wand of random effects (23)
 G - a wand of iceblast (10)
Scrolls
 e - 4 scrolls of teleportation
 j - a scroll of blinking {unknown}
 k - a scroll of magic mapping {unknown}
 m - 2 scrolls of enchant weapon {unknown}
 v - 2 scrolls of amnesia {unknown}
 x - a scroll of immolation {unknown}
 E - a scroll of enchant armour {unknown}
 F - 5 scrolls of remove curse
Potions
 i - a potion of resistance
 u - 2 potions of degeneration
 z - 2 potions of heal wounds
 D - a potion of magic
 H - a potion of invisibility {unknown}
 J - a potion of cancellation {unknown}
 M - a potion of mutation {unknown}
Comestibles
 g - 14 rations


   Skills:
 + Level 6.5 Fighting
   Level 1.0 Axes
 + Level 6.6 Bows
 - Level 1.0 Throwing
 + Level 6.2 Armour
 + Level 5.6 Dodging
 - Level 1.2 Stealth


You had 9 spell levels left.
You didn't know any spells.
Your spell library was empty.

Dungeon Overview and Level Annotations

Branches:
Dungeon (9/15)             Temple (1/1) D:6
   Lair: D:8-11         Orc: D:9-12

Altars:
Ashenzari
Cheibriados
Dithmenos
Elyvilon
Fedhas
Gozag
Hepliaklqana
Kikubaaqudgha
Makhleb
Nemelex Xobeh
Okawaru
Qazlal
Sif Muna
Trog
Uskayaw
Vehumet
Wu Jian
Xom
Yredelemnul
Zin
The Shining One

Shops:
D:5 (


Innate Abilities, Weirdness & Mutations

((You have razor-sharp teeth.))
Your natural rate of healing is unusually fast.
When hurt, damage is shared between your health and your magic reserves.
((Your bite disrupts and absorbs the magic of your enemies.))
Potions cannot restore your health.
You are immune to rotting.


Message History

The killer bee misses you. The killer bee stings you.
* * * LOW HITPOINT WARNING * * *
Okay, then.
As you read the scroll of teleportation, it crumbles to dust.
You feel strangely unstable. The killer bee barely misses you.
The killer bee misses you. The killer bee closely misses you.
The killer bee stings you!
* * * LOW HITPOINT WARNING * * *
You are lethally poisoned!
The killer bee poisons you!
It was a potion of lignification.
You turn into a tree.
Your +0 cloak melds into your body.
Your +2 hat melds into your body.
Your +0 robe melds into your body.
Your roots penetrate the ground.
You feel strangely stable.
You feel sick. The killer bee stings you.
* * * LOW HITPOINT WARNING * * *
The killer bee stings you but does no damage.
It was a potion of degeneration.
There was something very wrong with that liquid.
You feel weakened.
You feel dopey.
You feel clumsy.
You die...

#........## ##...#...###.#
#.######..# ####...## #.# ##.#
#..# #..## #.# #.## #..####
##.# ### #.## ##.###.## #.#
...# ###.## #..## ##.#
...###..## #...# #..# ...##..##
#...#####.># .#####..#
#>..♣y#....# .# ##.##
##.<###a...## ## #..###...#
###### # ##..##....# #### ##
##..##.....#######..#######
.####..####...................#
..##..## #.....#####.....#####
....### #....## ####### #####
#....#


You could see a worker ant and a killer bee.

Vanquished Creatures
  A hippogriff (D:6)
  Sigmund (D:2)
  Duvessa (D:4)
  2 orc warriors
  An ice beast (D:5)
  An ogre (D:8)
  A black bear (D:8)
  3 phantoms
  2 centaurs (D:6)
  A crocodile (D:8)
  5 bullfrogs
  Dowan (D:4)
  4 killer bees (D:8)
  8 wights
  3 crimson imps
  2 bullfrog zombies
  2 hounds
  3 orc priests
  A centaur skeleton (D:4)
  4 orc wizards
  5 iguanas
  2 bullfrog skeletons
  3 worker ants
  Terence (D:3)
  A hound skeleton (D:6)
  Robin (D:2)
  A worker ant zombie (D:6)
  A howler monkey skeleton (D:8)
  A gnoll (D:1)
  8 adders
  3 shadow imps
  2 oozes (D:4)
  An adder zombie (D:8)
  An adder skeleton (D:8)
  7 worms
  4 dart slugs
  5 leopard geckos
  50 orcs
  7 giant cockroaches
  19 goblins
  7 hobgoblins
  13 jackals
  5 kobolds
  4 quokkas
  3 ball pythons
  4 bats
  5 frilled lizards
  A leopard gecko skeleton (D:6)
  A quokka zombie (D:8)
  9 rats
222 creatures vanquished.

Vanquished Creatures (others)
  A plant (D:2)
1 creature vanquished.

Grand Total: 223 creatures vanquished

Notes
Turn   | Place    | Note
-------+----------+-------------------------------------------
     0 | D:1      | Lanoc the Vine Stalker Wanderer began the quest for the
                  | Orb.
     0 | D:1      | Lanoc set off with the following items: a +2 shortbow, 19
                  | arrows, a +0 hand crossbow, 25 bolts, a scroll of
                  | teleportation, a +0 robe, a ration
     0 | D:1      | Reached XP level 1. HP: 11/11 MP: 2/2
   231 | D:1      | Reached XP level 2. HP: 15/15 MP: 3/3
   505 | D:1      | Reached XP level 3. HP: 17/18 MP: 4/4
   595 | D:1      | Reached skill level 1 in Dodging
   782 | D:2      | Noticed Sigmund
  1089 | D:2      | Gained mutation: Your natural rate of healing is unusually
                  | fast. [Vine Stalker growth]
  1089 | D:2      | Reached XP level 4. HP: 23/23 MP: 5/5
  1152 | D:2      | Found a glowing golden altar of the Shining One.
  1338 | D:2      | Killed Sigmund
  1338 | D:2      | Reached XP level 5. HP: 18/28 MP: 2/6
  1338 | D:2      | Reached XP level 6. HP: 21/32 MP: 2/7
  1374 | D:2      | Noticed Robin
  1609 | D:2      | Killed Robin
  2357 | D:3      | Noticed Terence
  2381 | D:3      | Killed Terence
  3178 | D:4      | Reached XP level 7. HP: 18/36 MP: 8/8
  3426 | D:4      | Noticed Dowan
  3453 | D:4      | Noticed Duvessa
  3469 | D:4      | Killed Duvessa
  3474 | D:4      | Killed Dowan
  3939 | D:5      | Entered Level 5 of the Dungeon
  3939 | D:5      | Found a bloodstained altar of Trog.
  3939 | D:5      | Found an ornate altar of the Wu Jian Council.
  3939 | D:5      | Found a white marble altar of Elyvilon.
  3939 | D:5      | Found a deep blue altar of Sif Muna.
  3950 | D:5      | Became a worshipper of the Wu Jian Council
  4059 | D:5      | Gained mutation: You have razor-sharp teeth. [Vine Stalker
                  | growth]
  4059 | D:5      | Reached XP level 8. HP: 42/42 MP: 9/9
  4390 | D:5      | Found Keacyzoag's Antique Weapon Shop.
  4849 | D:6      | Found a staircase to the Ecumenical Temple.
  4858 | Temple   | Entered the Ecumenical Temple
  5100 | D:6      | Reached * piety under Wu Jian
  5222 | D:6      | Reached skill level 5 in Bows
  5301 | D:6      | Reached skill level 5 in Fighting
  5470 | D:6      | Reached skill level 5 in Armour
  5551 | D:6      | Noticed a hippogriff
  5650 | D:6      | Found a sparkling altar of Nemelex Xobeh.
  5748 | D:6      | Reached XP level 9. HP: 47/47 MP: 10/10
  6094 | D:7      | Found an opulent altar of Gozag.
  6143 | D:7      | Found an ancient bone altar of Kikubaaqudgha.
  6145 | D:7      | Found a shadowy altar of Dithmenos.
  6649 | D:7      | Reached skill level 5 in Dodging
  6916 | D:8      | Found a stormy altar of Qazlal.
  7847 | D:8      | Reached ** piety under Wu Jian
  7963 | D:8      | Found a snail-covered altar of Cheibriados.
  8355 | D:8      | Reached XP level 10. HP: 33/53 MP: 11/11
  8456 | D:8      | HP: 1/53 [killer bee (6)]
  8458 | D:8      | Succumbed to a killer bee's poison

Levels and vault maps discovered:
D:1:      mushboom_english_gardens, layout_basic, serial_bayou_pond_d
D:2:      layout_rooms, nicolae_tso_carved_into_rock, first_ration,
          chequers_big_river, minmay_fountain_box, corexii_leaking_fountain,
          grunt_ministairs_1, roderic_roman_lattice, serial_park_tiny_2,
          uniq_robin, uniq_sigmund
D:3:      layout_loops_ring, grunt_decor_clamped, minmay_vboxes, uniq_terence
D:4:      layout_loops_ring, uniq_duvessa
D:5:      layout_loops_cross, grunt_temple_overflow_open, serial_shops, shop,
          minmay_misc_feat_secret_circle
D:6:      layout_rooms, nemelex_altar_shiori, minmay_temple_entry_wispy
D:7:      layout_basic, kennysheep_mini_moat, nicolae_overflow_hidden_temple,
          corexii_hall_statues_x, kennysheep_minor_cross
D:8:      layout_layer_cave, kennysheep_little_box,
          nicolae_overflow_crystal_walls, special_room [special_room_orc]
D:9:      layout_loops_cross, nicolae_ru_the_path_less_chosen, serial_shops,
          nicolae_shop_waterfront, minmay_misc_feat_tower, uniq_joseph
Temple:   compressed_dpeg_circular_temple

Skill      XL: |  1  2  3  4  5  6  7  8  9 |
---------------+----------------------------+-----
Fighting       | 2 3 4 5 6 |  6.5
Bows           | 2 3 4 5 6 |  6.6
Dodging        | 1 2 3 4 5 |  5.6
Armour         | 3 4 5 6 |  6.2
Axes           | |  1.0
Throwing       | |  1.0
Stealth        | |  1.2

Action                   |  1- 3 |  4- 6 |  7- 9 | 10-12 || total
-------------------------+-------+-------+-------+-------++-------
Melee: Dagger            |       |   152 |    47 |       ||   199
       Bite              |       |    51 |    24 |       ||    75
       Shortbow          |       |       |     2 |     4 ||     6
 Fire: Hand crossbow     |    65 |    53 |   218 |       ||   336
       Shortbow          |       |    61 |   327 |    19 ||   407
Throw: Tomahawk          |       |       |     2 |       ||     2
Invok: Lunge             |       |       |     1 |       ||     1
       Whirlwind         |       |       |     2 |     4 ||     6
  Use: Scroll            |       |       |     5 |     1 ||     6
       Potion            |       |       |     2 |     6 ||     8
 Stab: Sleeping          |       |     5 |     1 |       ||     6
  Eat: Chunk             |       |     7 |    13 |       ||    20
       Ration            |       |       |     1 |       ||     1
Armor: Robe              |     3 |    31 |    67 |     3 ||   104
       Skin              |       |     3 |       |     1 ||     4
Dodge: Dodged            |    29 |   132 |   280 |    59 ||   500

Table legend:
 A = Non-vault XP
 B = Vault XP
 C = Vault XP percentage of total XP
 D = Non-vault monster count
 E = Vault monster count
 F = Vault count percentage of total count
                 A         B        C        D         E       F
            +---------+---------+-------+---------+---------+-------
      Total |    4047 |     765 |  15.9 |     175 |      47 |  21.2
            +---------+---------+-------+---------+---------+-------
        D:1 |      51 |      24 |  32.0 |      21 |       7 |  25.0
        D:2 |      89 |     241 |  73.0 |      26 |       9 |  25.7
        D:3 |      27 |      48 |  64.0 |      15 |       5 |  25.0
        D:4 |     340 |     218 |  39.1 |      24 |       2 |   7.7
        D:5 |     563 |       0 |   0.0 |      18 |       0 |   0.0
        D:6 |    1055 |       0 |   0.0 |      29 |       0 |   0.0
        D:7 |     845 |       0 |   0.0 |      23 |       0 |   0.0
        D:8 |    1077 |     234 |  17.8 |      19 |      24 |  55.8
            +---------+---------+-------+---------+---------+-------
